 Dungeon Crawl Stone Soup version 0.29.1-13-g9f3cf754e1 (webtiles) character file.

Game seed: 11255034395756803371

24418 ANNNA the Thaumaturge (level 13, -4/98 HPs)
             Began as a Gnoll Earth Elementalist on Jan 24, 2023.
             Was an Elder of Sif Muna.
             Killed from afar by an ice statue (20 damage)
             ... with a bolt of cold
             ... on level 13 of the Dungeon.
             The game lasted 01:25:49 (19012 turns).

ANNNA the Thaumaturge (Gnoll Earth Elementalist)   Turns: 19012, Time: 01:25:49

Health: -4/98      AC: 15    Str: 16    XL:     13   Next: 13%
Magic:  26/26      EV: 15    Int: 20    God:    Sif Muna [****..]
Gold:   698        SH:  0    Dex: 13    Spells: 7/31 levels left

rFire   . . .      SeeInvis +   M - +0 triple sword
rCold   . . .      Faith    .   (shield currently unavailable)
rNeg    . . .      Spirit   .   W - +0 acid dragon scales
rPois   .          Reflect  .   S - +0 helmet
rElec   .          Harm     .   B - +2 cloak
rCorr   +          Rampage  .   L - +1 pair of gloves {Str+3}
Will    .....                   (no boots)
Stlth   ++++......              O - amulet of regeneration
HPRegen 1.06/turn               Y - +6 ring of intelligence
MPRegen 0.20/turn               I - ring of see invisible

@: no status effects
A: fangs 1, strong nose, distributed training
a: Renounce Religion, Channel Magic, Forget Spell, Divine Exegesis


You were on level 13 of the Dungeon.
You worshipped Sif Muna.
Sif Muna was greatly pleased with you.
You visited 3 branches of the dungeon, and saw 16 of its levels.

You collected 1656 gold pieces.
You spent 958 gold pieces at shops.

Inventory:

Hand Weapons
 M - a +0 triple sword (weapon)
Missiles
 k - 38 poisoned darts
 o - 69 stones
 K - 2 atropa-tipped darts
Armour
 B - a +2 cloak (worn)
 L - a +1 pair of gloves of strength (worn)
 S - a +0 helmet (worn)
 W - +0 acid dragon scales (worn)
 Z - the +1 plate armour of Wulon {rF- Str+4 Dex+6}
   (You bought it in a shop on level 3 of the Dungeon)

   Str:       It affects your strength (+4).
   Dex:       It affects your dexterity (+6).
   rF:        It makes you vulnerable to fire.
Jewellery
 h - a +6 ring of strength
 y - a ring of willpower
 E - a ring of flight
 I - a ring of see invisible (right hand)
 O - an amulet of regeneration (around neck)
 U - a +6 ring of strength
 Y - a +6 ring of intelligence (left hand)
Wands
 e - a wand of digging (4)
 v - a wand of flame (6)
 Q - a wand of iceblast (10)
 R - a wand of quicksilver (9)
 T - a wand of paralysis (13)
Scrolls
 g - 2 scrolls of silence {unknown}
 j - 3 scrolls of enchant weapon
 l - a scroll of brand weapon {unknown}
 n - 2 scrolls of enchant armour {unknown}
 q - 6 scrolls of teleportation
 t - 2 scrolls of amnesia {unknown}
 u - 2 scrolls of summoning {unknown}
 x - 2 scrolls of immolation {unknown}
 C - a scroll of torment {unknown}
 D - 2 scrolls of butterflies {unknown}
 F - 2 scrolls of noise {unknown}
 H - 2 scrolls of magic mapping {unknown}
 J - 3 scrolls of blinking {unknown}
 N - a scroll of poison {unknown}
 P - a scroll of vulnerability {unknown}
 V - 2 scrolls of fear {unknown}
 X - a scroll of identify
Potions
 a - 2 potions of heal wounds
 b - 3 potions of magic
 c - 5 potions of resistance
 d - 3 potions of haste {unknown}
 f - 3 potions of mutation {unknown}
 i - a potion of ambrosia {unknown}
 m - 3 potions of cancellation
 p - a potion of might {unknown}
 r - 8 potions of curing
 s - a potion of invisibility {unknown}
 w - 3 potions of flight
 z - a potion of lignification {unknown}
 A - a potion of degeneration {unknown}
 G - 3 potions of brilliance


   Skills:
 + Level 8.3 Fighting
 + Level 8.3 Short Blades
 + Level 8.3 Long Blades
 + Level 8.3 Axes
 + Level 8.3 Maces & Flails
 + Level 8.3 Polearms
 + Level 8.3 Staves
 + Level 8.3 Ranged Weapons
 + Level 8.3 Throwing
 + Level 8.3 Armour
 + Level 9.5 Dodging
 + Level 9.3 Stealth
 + Level 8.3 Shields
 + Level 8.3 Unarmed Combat
 + Level 9.7 Spellcasting
 + Level 6.9 Conjurations
 + Level 6.9 Hexes
 + Level 6.9 Summonings
 + Level 6.9 Necromancy
 + Level 6.9 Translocations
 + Level 7.3 Transmutations
 + Level 6.9 Fire Magic
 + Level 6.9 Ice Magic
 + Level 6.9 Air Magic
 + Level 8.9 Earth Magic
 + Level 6.9 Poison Magic
 + Level 9.1 Invocations
 + Level 8.3 Evocations


You had 7 spell levels left.
You knew the following spells:

 Your Spells              Type           Power      Damage    Failure   Level
a - Sandblast             Erth           90%        2d19      1%          1
b - Passwall              Tmut/Erth      35%        N/A       1%          2
c - Stone Arrow           Conj/Erth      82%        3d12      1%          3
d - Ignite Poison         Fire/Tmut/Pois 38%        N/A       1%          3
e - Mephitic Cloud        Conj/Pois/Air  37%        N/A       1%          3
f - Petrify               Tmut/Erth      42%        N/A       3%          4
g - Olgreb's Toxic Radia  Pois           37%        N/A       5%          4
h - Iskenderun's Mystic   Conj/Tloc      37%        2d9       5%          4

Your spell library contained the following spells:

 Spells                   Type           Power      Damage    Failure   Level
 Beastly Appendage        Tmut           78%        N/A       1%          1
 Sting                    Tmut/Pois      100%       1d8       1%          1
 Summon Small Mammal      Summ           100%       N/A       1%          1
 Poisonous Vapours        Pois/Air       74%        N/A       1%          2
 Wereblood                Tmut           39%        N/A       1%          2
 Portal Projectile        Hex/Tloc       74%        N/A       1%          3
 Spider Form              Tmut/Pois      38%        N/A       1%          3
 Tukima's Dance           Hex            37%        N/A       1%          3
 Animate Armour           Summ/Erth      82%        N/A       3%          4
 Leda's Liquefaction      Hex/Erth       20%        N/A       3%          4
 Fulminant Prism          Conj/Hex       18%        3d11      5%          4
 Lee's Rapid Deconstruct  Erth           22%        3d14*     6%          5
 Blade Hands              Tmut           19%        N/A       12%         5
 Fireball                 Conj/Fire      18%        3d9       14%         5
 Freezing Cloud           Conj/Ice/Air   18%        6-21      14%         5
 Iskenderun's Battlesphe  Conj           37%        2d9       14%         5
 Statue Form              Tmut/Erth      28%        N/A       45%         6
 Iron Shot                Conj/Erth      20%        9d5       47%         6
 Conjure Ball Lightning   Conj/Air       18%        3x3d6     63%         6
 Orb of Destruction       Conj           18%        9d8       99%         7


Dungeon Overview and Level Annotations

Branches:
Dungeon (13/15)            Temple (1/1) D:5            Lair (0/5) D:9
    Orc (2/2) D:11            Elf (0/3) Orc:2
 Vaults: D:13-14

Altars:
Ashenzari
Cheibriados
Dithmenos
Elyvilon
Fedhas
Gozag
Hepliaklqana
Kikubaaqudgha
Makhleb
Nemelex Xobeh
Okawaru
Qazlal
Ru
Sif Muna
Trog
Uskayaw
Vehumet
Wu Jian
Xom
Yredelemnul
Zin
The Shining One

Shops:
D:3 [   Orc:2 *

Annotations:
D:3 1 runed translucent door, Crazy Yiuf
D:13 exclusion: ice statue
Orc:2 Azrael


Innate Abilities, Weirdness & Mutations

You have very sharp teeth.
Your uncanny sense of smell can sniff out nearby items.
Your experience applies equally to all skills.


Message History

The ice beast hits you but does no damage.
The ice beast misses you.
You slice the ice statue!!
The ice statue is moderately damaged.
The ice statue glitters chillingly in the dim dungeon light.
The ice beast closely misses you. The ice beast barely misses you.
You barely miss the ice beast.
The ice beast hits you but does no damage.
The ice beast barely misses you.
You completely miss the ice statue.
You bite the ice statue, but do no damage.
The ice statue is moderately damaged.
The ice beast hits you but does no damage.
The ice beast closely misses you. The ice beast misses you.
The ice beast barely misses you.
You slash the ice statue!
You bite the ice statue, but do no damage.
The ice statue is moderately damaged.
The ice beast hits you. The ice beast freezes you! The ice beast misses you.
You slash the ice statue!
You bite the ice statue, but do no damage.
The ice statue is heavily damaged.
The ice beast hits you but does no damage.
The ice beast barely misses you. The ice statue gestures at you.
The freezing blast misses you. The ice beast misses you.
The ice beast hits you. The ice beast freezes you!
The ice beast attacks as you move away! The ice beast barely misses you.
You are engulfed in freezing vapours.
The ice beast hits you but does no damage.
The ice beast attacks as you move away!
The ice beast hits you but does no damage. x2
The ice statue gestures at you.
The bolt of cold hits the ice beast.
The ice beast completely resists.
The bolt of cold hits you!!
* * * LOW HITPOINT WARNING * * *
The ice statue gestures at you.
The bolt of cold hits the ice beast.
The ice beast completely resists.
The bolt of cold hits you!!
You die...

#.....#.#
##.....#.######## #
................. .## #
##.....#.######## ##..
.## ##.....#.#
###..##..∆# .....>.#.#
##....$..#.# #####..#.#
#..#8#8#$..# #
...#.#######.#8...8#..#
#...#........@8Y.!..8..#
.########...Y○8°°...#
##.8.°○○.8..#
#.#8.°°8#.## #..#8.8#..#
##.......## #########


You could see an ice statue and 2 ice beasts.

Vanquished Creatures
  A hydra (D:10)
  2 boulder beetles
  A two-headed ogre (D:11)
  3 tengu warriors
  A deep elf knight (D:11)
  A deep troll (D:11)
  An orc knight (Orc:2)
  A wizard (D:11)
  A deep elf pyromancer (D:12)
  An orc sorcerer (Orc:2)
  An ugly thing (D:11)
  A wolf spider (Orc:1)
  A manticore (D:11)
  6 cyclopes
  Joseph (D:7)
  2 gargoyles (D:11)
  An unseen horror (D:11)
  2 komodo dragons (D:12)
  An efreet (D:12)
  A kobold demonologist (D:10)
  3 trolls
  Prince Ribbit (D:7)
  A hornet (D:8)
  4 slime creatures (D:12)
  A vampire (D:9)
  2 shadows
  A wraith (D:10)
  A fire elemental (Orc:1)
  10 yaks
  A basilisk (D:9)
  3 redbacks (Orc:1)
  A warg (Orc:2)
  5 acid dragons
  3 hell hounds
  2 water moccasins
  16 orc warriors
  An ice beast (D:6)
  2 sky beasts
  4 black bears
  9 ogres
  6 centaurs
  3 kobold brigands
  5 bullfrogs
  6 scorpions
  3 necrophages
  A gnoll sergeant (D:12)
  5 wights
  5 howler monkeys
  An electric eel (D:10)
  4 hounds
  14 orc priests
  3 iguanas
  24 orc wizards
  7 adders
  A shadow imp (D:7)
  2 white imps
  An ufetubus (D:5)
  A worm (D:2)
  2 dart slugs
  91 orcs
  5 ball pythons
  4 endoplasms
  A giant cockroach (D:1)
  10 goblins
  11 hobgoblins
  4 quokkas
  4 bats
  4 frilled lizards
  18 kobolds
  3 rats
350 creatures vanquished.

Vanquished Creatures (others)
  12 fungi (D:4)
  5 plants (D:8)
17 creatures vanquished.

Grand Total: 367 creatures vanquished

Notes
Turn   | Place    | Note
-------+----------+-------------------------------------------
     0 | D:1      | ANNNA the Gnoll Earth Elementalist began the quest for the
                  | Orb.
     0 | D:1      | Reached XP level 1. HP: 13/13 MP: 6/6
   427 | D:1      | Reached XP level 2. HP: 16/19 MP: 5/7
   998 | D:1      | Found a faded altar of an unknown god.
  1146 | D:2      | Reached skill level 5 in Spellcasting
  1146 | D:2      | Reached XP level 3. HP: 25/25 MP: 5/9
  1155 | D:2      | Learned a level 2 spell: Passwall
  1159 | D:2      | Learned a level 3 spell: Stone Arrow
  1163 | D:2      | Learned a level 3 spell: Ignite Poison
  1167 | D:2      | Learned a level 3 spell: Mephitic Cloud
  1220 | D:2      | Reached skill level 1 in Invocations
  1311 | D:2      | You fall into a shaft and drop 2 floors!
  1482 | D:4      | Noticed a black bear
  1532 | D:4      | Found a shimmering altar of Xom.
  1587 | D:4      | Noticed a scorpion
  1700 | D:4      | Noticed a black bear
  1716 | D:4      | Killed a black bear
  1717 | D:4      | Reached skill level 1 in Fighting
  1717 | D:4      | Reached skill level 1 in Short Blades
  1717 | D:4      | Reached skill level 1 in Long Blades
  1717 | D:4      | Reached skill level 1 in Axes
  1717 | D:4      | Reached skill level 1 in Maces & Flails
  1717 | D:4      | Reached skill level 1 in Polearms
  1717 | D:4      | Reached skill level 1 in Staves
  1717 | D:4      | Reached skill level 1 in Ranged Weapons
  1717 | D:4      | Reached skill level 1 in Throwing
  1717 | D:4      | Reached skill level 1 in Armour
  1717 | D:4      | Reached skill level 1 in Shields
  1717 | D:4      | Reached skill level 1 in Unarmed Combat
  1717 | D:4      | Reached skill level 1 in Conjurations
  1717 | D:4      | Reached skill level 1 in Hexes
  1717 | D:4      | Reached skill level 1 in Summonings
  1717 | D:4      | Reached skill level 1 in Necromancy
  1717 | D:4      | Reached skill level 1 in Translocations
  1717 | D:4      | Reached skill level 1 in Fire Magic
  1717 | D:4      | Reached skill level 1 in Ice Magic
  1717 | D:4      | Reached skill level 1 in Air Magic
  1717 | D:4      | Reached skill level 1 in Poison Magic
  1717 | D:4      | Reached skill level 1 in Evocations
  1717 | D:4      | Reached XP level 4. HP: 5/32 MP: 2/11
  1717 | D:4      | Reached XP level 5. HP: 6/37 MP: 2/12
  2118 | D:4      | Killed a black bear
  2119 | D:4      | Reached XP level 6. HP: 44/44 MP: 10/14
  2162 | D:4      | Reached skill level 5 in Dodging
  3006 | D:3      | Found Lilex's Antique Armour Boutique.
  3574 | D:3      | Reached XP level 7. HP: 47/51 MP: 11/15
  3947 | D:3      | Found a runed translucent door.
  3948 | D:3      | Noticed Crazy Yiuf
  4019 | D:5      | Entered Level 5 of the Dungeon
  4101 | D:5      | Found a staircase to the Ecumenical Temple.
  4124 | Temple   | Entered the Ecumenical Temple
  4370 | D:5      | Reached skill level 5 in Stealth
  4471 | D:5      | Reached XP level 8. HP: 34/58 MP: 9/16
  4715 | D:5      | Found a sparkling altar of Nemelex Xobeh.
  4715 | D:5      | Found an opulent altar of Gozag.
  4719 | D:5      | Found an iron altar of Okawaru.
  4720 | D:5      | Found an ornate altar of the Wu Jian Council.
  4723 | D:5      | Found a hide-covered altar of Uskayaw.
  4723 | D:5      | Found a shadowy altar of Dithmenos.
  4726 | D:5      | Found a snail-covered altar of Cheibriados.
  4729 | D:5      | Found a broken altar of Ashenzari.
  4849 | D:5      | Learned a level 4 spell: Petrify
  5747 | D:5      | Reached XP level 9. HP: 65/65 MP: 14/18
  6738 | D:6      | Reached skill level 5 in Invocations
  7222 | D:7      | Noticed Prince Ribbit
  7562 | D:7      | Noticed Joseph
  7575 | D:7      | Killed Joseph
  7724 | D:7      | Killed Prince Ribbit
  7725 | D:7      | Reached skill level 5 in Fighting
  7725 | D:7      | Reached skill level 5 in Short Blades
  7725 | D:7      | Reached skill level 5 in Long Blades
  7725 | D:7      | Reached skill level 5 in Axes
  7725 | D:7      | Reached skill level 5 in Maces & Flails
  7725 | D:7      | Reached skill level 5 in Polearms
  7725 | D:7      | Reached skill level 5 in Staves
  7725 | D:7      | Reached skill level 5 in Ranged Weapons
  7725 | D:7      | Reached skill level 5 in Throwing
  7725 | D:7      | Reached skill level 5 in Armour
  7725 | D:7      | Reached skill level 5 in Shields
  7725 | D:7      | Reached skill level 5 in Unarmed Combat
  7725 | D:7      | Reached skill level 5 in Evocations
  7725 | D:7      | Reached XP level 10. HP: 74/74 MP: 0/20
  8072 | D:7      | Found a shimmering blue altar of Sif Muna.
  8080 | D:7      | Got Sif Muna's Parchment of Mustering
  8088 | D:7      | Found an ancient bone altar of Kikubaaqudgha.
  8094 | D:7      | Found a radiant altar of Vehumet.
  8109 | D:7      | Became a worshipper of Sif Muna the Loreminder
  8115 | D:7      | Learned a level 4 spell: Olgreb's Toxic Radiance
  8671 | D:8      | Reached * piety under Sif Muna
 10106 | D:9      | Reached skill level 5 in Transmutations
 10444 | D:9      | Found a staircase to the Lair.
 11360 | D:10     | Entered Level 10 of the Dungeon
 11371 | D:10     | Noticed a five-headed hydra
 11709 | D:10     | Killed a five-headed hydra
 11709 | D:10     | Reached ** piety under Sif Muna
 11710 | D:10     | Reached skill level 5 in Conjurations
 11710 | D:10     | Reached skill level 5 in Hexes
 11710 | D:10     | Reached skill level 5 in Summonings
 11710 | D:10     | Reached skill level 5 in Necromancy
 11710 | D:10     | Reached skill level 5 in Translocations
 11710 | D:10     | Reached skill level 5 in Fire Magic
 11710 | D:10     | Reached skill level 5 in Ice Magic
 11710 | D:10     | Reached skill level 5 in Air Magic
 11710 | D:10     | Reached skill level 5 in Poison Magic
 11710 | D:10     | Reached XP level 11. HP: 49/81 MP: 7/23
 12764 | D:3      | Bought a transparent plate armour for 756 gold pieces
 12764 | D:3      | Identified the +1 plate armour of Wulon {rF- Str+4 Dex+6}
                  | (You bought it in a shop on level 3 of the Dungeon)
 13119 | D:11     | Noticed a boulder beetle
 13200 | D:11     | Noticed a tengu warrior
 13610 | D:10     | Killed a boulder beetle
 13733 | D:11     | Found a staircase to the Orcish Mines.
 13780 | D:11     | Identified the +1 ring mail of the Gastropod {Int+3}
 13903 | D:11     | Killed a tengu warrior
 14227 | D:11     | Noticed a cyclops
 14233 | D:11     | Killed a cyclops
 14314 | D:11     | Noticed a fire giant
 14314 | D:11     | Noticed a deep elf knight
 14327 | D:11     | Noticed a deep troll
 14327 | D:11     | Noticed a wizard
 14435 | D:11     | Noticed a manticore
 14438 | D:11     | Killed a manticore
 14561 | D:11     | Noticed a green ugly thing
 14566 | D:11     | Killed a deep elf knight
 14566 | D:11     | Noticed a two-headed ogre
 14708 | Orc:1    | Entered Level 1 of the Orcish Mines
 14726 | Orc:1    | Learned a level 4 spell: Iskenderun's Mystic Blast
 14892 | Orc:1    | Noticed a wolf spider
 14929 | Orc:1    | Killed a wolf spider
 14930 | Orc:1    | Reached XP level 12. HP: 91/91 MP: 3/24
 15117 | Orc:2    | Entered Level 2 of the Orcish Mines
 15649 | Orc:2    | Reached *** piety under Sif Muna
 16076 | Orc:2    | Found a staircase to the Elven Halls.
 16229 | Orc:2    | Reached **** piety under Sif Muna
 16230 | Orc:2    | Found Ynilid's Assorted Antiques.
 16320 | Orc:2    | Noticed Azrael
 16817 | D:11     | Killed a two-headed ogre
 17496 | D:12     | Noticed a boulder beetle
 17523 | D:12     | Killed a boulder beetle
 18265 | D:12     | Found a hazy altar of Hepliaklqana.
 18267 | D:12     | Found a faded altar of an unknown god.
 18456 | D:3      | Bought a pair of runed gloves for 202 gold pieces
 18732 | D:13     | Noticed a tengu warrior
 18736 | D:13     | Noticed a tengu warrior
 18737 | D:13     | Reached XP level 13. HP: 98/98 MP: 11/26
 18975 | D:13     | Identified the -2 hat of Shadows and Fog {*Slow +Blink
                  | Will+ Str+9}
 19012 | D:13     | Killed from afar by an ice statue

Illustrated notes

Levels and vault maps discovered:
D:1:      roderic_crop_circles_arrival_small, layout_loops_ring,
          dreamdust_ecumenical_altar_hidden_monk_grotto
D:2:      layout_loops_ring, minmay_tiny_reverse_x
D:3:      layout_loops_ring, serial_shops, shop,
          hangedman_abyss_or_decor_lesser_grid, uniq_crazy_yiuf_cottage
D:4:      layout_basic, xom_teletrap_fun, dreamdust_mushroom_princess
D:5:      minmay_polygon_palace, layout_rooms,
          nicolae_overflow_hallway_of_the_gods, minmay_temple_entry_crystal_x,
          hellmonk_bongcloud_opening
D:6:      layout_basic, minmay_misc_feat_tiny
D:7:      layout_rooms, palyth_temple_overflow_mages, minivault_1,
          uniq_prince_ribbit1, uniq_joseph
D:8:      corexii_shack_village, layout_rooms
D:9:      layout_long_grid, lair_entry_dummy, nzn_life_drinkers
D:10:     layout_cave_pools, hangedman_abyss_or_decor_clamps, dk_noncrumbling_2,
          nicolae_water_bricks
D:11:     minmay_glassy_protrusions, layout_rooms,
          minmay_orc_entry_temple_small, minmay_quadrilaterals
D:12:     layout_irregular_city, serial_column_ruins, column_ruins_hut,
          column_ruins_open_tiny, column_ruins_columns_water,
          column_ruins_corridor_straight, column_ruins_open_small,
          beargit_hepliaklqana_dungeon_heroes
D:13:     layout_basic, david_vaults_4, minmay_statue_bubble
Temple:   cyrus_temple_forest
Orc:1:    nicolae_orc_accident_3, layout_diamond_mine
Orc:2:    grunt_orc_community_town_hall, layout_caves,
          grunt_orc_community_big_house_2, grunt_orc_community_big_house_2,
          grunt_orc_community_house_3, grunt_orc_community_house_3,
          grunt_orc_community_house_2, grunt_orc_community_house_1,
          grunt_orc_community_house_2, uniq_azrael

Skill      XL: |  1  2  3  4  5  6  7  8  9 10 11 12 13 |
---------------+----------------------------------------+-----
Transmutations | 2 3 4 5 6 7 |  7.3
Spellcasting   | 5 6 7 8 9 |  9.7
Invocations    | 1 2 3 4 5 6 7 8 9 |  9.1
Fighting       | 1 2 3 5 6 7 8 |  8.3
Short Blades   | 1 2 3 5 6 7 8 |  8.3
Long Blades    | 1 2 3 5 6 7 8 |  8.3
Axes           | 1 2 3 5 6 7 8 |  8.3
Maces & Flails | 1 2 3 5 6 7 8 |  8.3
Polearms       | 1 2 3 5 6 7 8 |  8.3
Staves         | 1 2 3 5 6 7 8 |  8.3
Ranged Weapons | 1 2 3 5 6 7 8 |  8.3
Throwing       | 1 2 3 5 6 7 8 |  8.3
Armour         | 1 2 3 5 6 7 8 |  8.3
Shields        | 1 2 3 5 6 7 8 |  8.3
Unarmed Combat | 1 2 3 5 6 7 8 |  8.3
Conjurations   | 1 2 3 4 5 6 |  6.9
Hexes          | 1 2 3 4 5 6 |  6.9
Summonings     | 1 2 3 4 5 6 |  6.9
Necromancy     | 1 2 3 4 5 6 |  6.9
Translocations | 1 2 3 4 5 6 |  6.9
Fire Magic     | 1 2 3 4 5 6 |  6.9
Ice Magic      | 1 2 3 4 5 6 |  6.9
Air Magic      | 1 2 3 4 5 6 |  6.9
Poison Magic   | 1 2 3 4 5 6 |  6.9
Evocations     | 1 2 3 5 6 7 8 |  8.3
Dodging        | 5 6 7 8 9 |  9.5
Stealth        | 5 6 7 8 9 |  9.3
Earth Magic    | 6 7 8 |  8.9

Action                   |  1- 3 |  4- 6 |  7- 9 | 10-12 | 13-15 || total
-------------------------+-------+-------+-------+-------+-------++-------
Melee: Falchion          |     9 |     6 |    31 |       |       ||    46
       Bite              |       |       |     4 |    11 |     3 ||    18
       Triple sword      |       |       |    12 |    72 |    11 ||    95
       Punch             |       |       |     1 |       |       ||     1
Throw: Dart              |       |     8 |     8 |     4 |       ||    20
       Stone             |       |     1 |     2 |       |       ||     3
       Boomerang         |       |       |       |     1 |       ||     1
 Cast: Sandblast         |    30 |    62 |   110 |    80 |     2 ||   284
       Passwall          |     2 |       |       |       |       ||     2
       Stone Arrow       |     1 |     4 |    20 |    53 |       ||    78
       Mephitic Cloud    |       |       |    25 |    19 |       ||    44
       Ignite Poison     |       |       |    22 |    98 |     3 ||   123
       Olgreb's Toxic Ra |       |       |       |    82 |     3 ||    85
       Iskenderun's Myst |       |       |       |     2 |       ||     2
Evoke: Wand              |       |       |       |     7 |       ||     7
  Use: Scroll            |     1 |       |       |     9 |       ||    10
       Potion            |       |     1 |       |     1 |       ||     2
 Stab: Sleeping          |     3 |       |       |       |       ||     3
       Confused          |       |       |     1 |     2 |       ||     3
       Distracted        |       |       |       |     1 |       ||     1
Armor: Robe              |     3 |     4 |    46 |    10 |       ||    63
       Acid dragon scale |       |       |       |    68 |    15 ||    83
       Plate armour      |       |       |       |    35 |       ||    35
Dodge: Dodged            |    11 |    27 |   110 |   184 |    29 ||   361
